Map: Kairos Junction LE

Players

Krystianer

  • Race: Protoss Protoss
  • League: Grandmaster
  • Spawn Location: 5:00

Lambo - Winner!

  • Race: Zerg Zerg
  • League: Grandmaster
  • Spawn Location: 11:00

VOD

Have the link to the VOD?

Description

Time

  • Played on: Dec. 4, 2018, 1:50 p.m.
  • Length: 9:47
Show
View Real Time Build Order
Export as new Build Order

Krystianer Protoss 

Build Orders: 1 Gate Expand, Oracle Opening, Zealot Archon, Archon Drop 

Get SALT Encoding   

  12  0:00  Probe  
  13  0:12  Probe  
  14  0:17  Pylon  
  14  0:23  Probe  
  15  0:31  Probe  
  16  0:38  Gateway  
  16  0:39  Probe  
  16  0:47  Assimilator  
  17  0:51  Probe  
  18  1:03  Probe  
  19  1:15  Probe  
  20  1:25  Nexus  
  20  1:35  Cybernetics Core  
  20  1:40  Assimilator  
  20  1:43  Probe  
  21  1:51  Pylon  
  21  1:55  Probe  
  22  2:02  Adept  
  22  2:07  Probe  
  25  2:16  Stargate  
  25  2:20  Adept  
  25  2:21  Probe  
  28  2:31  Warp Gate  
  28  2:32  Probe  
  28  2:33  Probe  
  30  2:45  Probe x2  
  30  2:46  Adept  
  34  2:53  Oracle  
  34  2:57  Probe x2  
  39  3:09  Probe  
  39  3:11  Probe  
  41  3:14  Shield Battery  
  41  3:21  Probe  
  41  3:23  Probe  
  41  3:33  Gateway, Probe x2  
  40  3:37  Robotics Facility  
  41  3:43  Assimilator  
  41  3:45  Assimilator, Probe  
  41  3:46  Probe  
  42  3:49  Pylon  
  43  3:57  Probe x2  
  45  4:09  Probe  
  46  4:10  Twilight Council, Probe  
  46  4:12  Pylon  
  47  4:20  Warp Prism  
  47  4:22  Probe  
  47  4:23  Gateway  
  49  4:27  Gateway  
  51  4:34  Adept x2  
  52  4:55  Gateway  
  52  4:58  Gateway x2  
  52  4:59  Gateway  
  49  5:00  Charge  
  49  5:03  Templar Archives  
  49  5:21  Probe  
  50  5:32  Nexus  
  50  5:34  Pylon  
  50  5:39  High Templar  
  50  5:40  High Templar x3  
  58  5:44  Archon  
  58  5:45  Archon  
  58  5:46  Probe, Pylon  
  59  5:53  High Templar  
  59  5:54  High Templar, Zealot x2  
  67  5:57  Pylon  
  67  5:58  Archon  
  67  6:02  Pylon  
  67  6:12  Zealot x3  
  67  6:16  Pylon  
  73  6:27  High Templar x2  
  73  6:30  Archon  
  73  6:32  Zealot x5  
  83  6:36  Zealot  
  89  6:40  Pylon  
  89  6:57  Sentry x2  
  89  6:58  Zealot x4  
  89  7:18  Zealot x5  
  89  7:19  Zealot  
  89  7:21  Zealot  
  91  7:28  Zealot  
  69  7:39  High Templar x4  
  69  7:43  Probe x2  
  77  7:44  Zealot x2  
  77  7:45  Archon x2, Zealot  
  77  7:46  Probe  
  86  7:51  Probe x2  
  86  7:54  Probe  
  86  7:58  High Templar  
  91  8:01  Probe x2  
  93  8:06  High Templar  
  93  8:12  Zealot x2  
  98  8:13  Archon, Zealot x3  
  98  8:17  Pylon  
  105  8:40  Sentry x3  
  111  8:41  Zealot x2  
  111  8:42  Zealot x3  
  111  8:44  Pylon  
  113  9:06  Zealot x8  
  101  9:33  Zealot x8  
Show
View Real Time Build Order
Export as new Build Order

Lambo Zerg - Winner!

Build Orders: Hatch First 

Get SALT Encoding   

  12  0:01  Drone  
  13  0:11  Overlord  
  13  0:16  Drone  
  14  0:30  Drone x2  
  16  0:48  Hatchery  
  15  0:51  Drone  
  15  0:55  Drone  
  17  0:58  Drone  
  18  1:09  Extractor  
  17  1:13  Spawning Pool  
  17  1:16  Drone  
  17  1:20  Drone  
  18  1:27  Drone  
  19  1:38  Drone  
  20  1:52  Overlord  
  20  2:00  Queen x2  
  24  2:01  Zergling x2  
  24  2:02  Drone  
  26  2:09  Metabolic Boost  
  26  2:11  Drone x2  
  28  2:22  Drone x2  
  30  2:36  Hatchery  
  29  2:39  Drone x2  
  29  2:43  Drone  
  32  2:48  Overlord  
  32  2:53  Zergling x4  
  34  3:02  Queen  
  36  3:07  Zergling x2  
  36  3:10  Drone x2  
  39  3:15  Drone x3  
  39  3:19  Drone  
  40  3:25  Drone  
  39  3:32  Drone x3  
  42  3:35  Spore Crawler  
  42  3:40  Drone x2  
  43  3:45  Drone  
  43  3:46  Overlord  
  44  3:57  Drone x4  
  44  3:58  Queen  
  49  4:05  Drone x3  
  49  4:07  Spore Crawler  
  51  4:11  Zergling x8  
  55  4:17  Zergling x4  
  55  4:18  Overlord  
  55  4:19  Drone  
  55  4:22  Overlord  
  58  4:28  Spore Crawler  
  58  4:30  Drone x2  
  56  4:31  Drone  
  56  4:34  Overlord  
  56  4:38  Roach Warren  
  56  4:39  Overlord  
  56  4:41  Drone  
  56  4:44  Drone  
  56  4:45  Drone  
  59  4:49  Drone x2  
  59  4:50  Drone  
  59  4:51  Drone  
  59  4:52  Drone  
  62  4:54  Drone  
  62  4:55  Drone  
  62  4:59  Drone x2  
  66  5:04  Drone  
  66  5:05  Lair  
  67  5:08  Drone x2, Extractor x2  
  67  5:10  Drone x2  
  67  5:13  Drone  
  70  5:17  Drone x2  
  70  5:18  Evolution Chamber  
  70  5:20  Drone  
  72  5:24  Drone  
  72  5:28  Drone x3  
  75  5:31  Drone  
  76  5:36  Extractor  
  76  5:38  Overlord, Extractor  
  74  5:45  Overlord  
  74  5:47  Roach x8  
  89  5:53  Zerg Missile Weapons Level 1  
  89  5:59  Roach x3, Spine Crawler  
  94  6:05  Roach, Zergling x2  
  94  6:08  Spine Crawler  
  94  6:11  Roach x3  
  102  6:15  Spine Crawler  
  101  6:19  Roach x2  
  101  6:20  Overlord  
  101  6:23  Overlord  
  105  6:26  Overlord x2  
  105  6:31  Overlord  
  105  6:32  Overlord  
  105  6:34  Overlord  
  105  6:38  Overlord  
  104  6:42  Roach x7  
  118  6:48  Roach x3  
  118  6:54  Roach x3  
  130  7:01  Roach x3  
  135  7:05  Roach  
  135  7:06  Roach x2  
  135  7:08  Roach  
  135  7:10  Roach  
  135  7:12  Roach x2  
  132  7:19  Ravager  
  132  7:20  Roach x2  
  132  7:21  Roach  
  124  7:24  Roach x2  
  118  7:31  Roach  
  114  7:38  Roach x3  
  120  7:53  Drone x3, Glial Reconstitution  
  120  7:55  Drone x2  
  120  7:57  Extractor  
  124  8:01  Baneling Nest  
  124  8:03  Queen x2  
  128  8:06  Drone x3  
  129  8:14  Drone x3  
  129  8:18  Drone x2  
  134  8:22  Roach x2  
  134  8:23  Hatchery  
  137  8:29  Overlord  
  137  8:33  Roach x2, Zergling x4  
  143  8:37  Ravager x4  
  147  8:41  Zergling x4  
  147  8:42  Zergling x6  
  147  8:45  Roach  
  154  8:51  Roach, Zergling x2  
  157  8:56  Roach  
  157  9:00  Roach x2  
  148  9:04  Roach x3  
  148  9:09  Roach x4  
  144  9:12  Roach x4  
  144  9:14  Roach  
  148  9:25  Roach x3  
Tags
 
Add a new tag
Caveats
  • Supply blocks, unpowered buildings, or Contaminate may cause inaccurate times.
  • Supply counts are checked every 10 seconds.